 Dungeon Crawl Stone Soup version 0.19.5 (webtiles) character file.

174 Kullungy the Sneak (level 5, 0/30 HPs)
             Began as a Halfling Assassin on Mar 10, 2017.
             Was an Initiate of Hepliaklqana.
             Slain by Natasha (7 damage)
             ... on level 3 of the Dungeon.
             The game lasted 00:10:14 (2618 turns).

Kullungy the Sneak (Halfling Assassin)              Turns: 2618, Time: 00:10:15

Health: 0/30       AC:  3    Str: 12    XL:     5   Next: 84%
Magic:  5/5        EV: 14    Int:  9    God:    Hepliaklqana [......]
Gold:   135        SH:  4    Dex: 17    Spells: 0 memorised, 4 levels left

rFire  . . .     SeeInvis .     a - +2 dagger
rCold  . . .     Gourm    .     n - +0 robe
rNeg   . . .     Faith    .     w - +0 buckler
rPois  .         Spirit   .     (no helmet)
rElec  .         Reflect  .     d - +0 cloak
rCorr  .         Harm     .     (no gloves)
MR     .....                    (no boots)
Stlth  +++.......               (no amulet)
                                (no ring)
                                (no ring)

@: no status effects
A: reduced essence, mutation resistance 1
a: Recall Ancestor, Ancestor Identity, Renounce Religion


You were on level 3 of the Dungeon.
You worshipped Hepliaklqana.
Hepliaklqana was noncommittal.
You were hungry.

You visited 1 branch of the dungeon, and saw 3 of its levels.

You collected 135 gold pieces.

Inventory:

Hand Weapons
 a - a +2 dagger (weapon)
 b - a +0 blowgun
 h - a +0 whip
 m - a +0 dagger
 q - a +0 short sword
 s - a +0 mace
 t - a +0 short sword
 v - a +0 short sword
 x - a +0 spear
Missiles
 e - 8 poisoned needles (quivered)
 f - 2 curare-tipped needles
 i - 42 bolts
 k - 57 stones
 r - 51 sling bullets
Armour
 c - a +0 robe
 d - a +0 cloak (worn)
 n - a +0 robe (worn)
 o - a +0 ring mail
 u - a +0 robe
 w - a +0 buckler (worn)
 y - a +0 cloak
 C - a +0 plate armour
 D - a +0 leather armour
Scrolls
 j - a scroll of amnesia {unknown}
 l - 2 scrolls of teleportation {unknown}
 z - a scroll of recharging {unknown}
 A - a scroll of identify {unknown}
 E - a scroll of immolation {unknown}
Potions
 p - a potion of heal wounds {unknown}
 B - a potion of cancellation {unknown}
Comestibles
 g - 2 bread rations


   Skills:
 + Level 2.2 Fighting
 + Level 3.9 Short Blades
 + Level 2.2 Throwing
 + Level 2.1 Dodging
 + Level 6.1 Stealth
 + Level 0.2 Shields


You had 4 spell levels left.
You didn't know any spells.

Dungeon Overview and Level Annotations

Branches:
Dungeon (3/15)

Altars:
Hepliaklqana
Makhleb
Nemelex Xobeh
Ru
Xom

Annotations:
D:3 Natasha


Innate Abilities, Weirdness & Mutations

You are small and have problems with some larger weapons.
You are somewhat resistant to further mutation.
Your life essence is reduced. (-10% HP)


Message History

Centenhua hits the adder.
The adder dies!
You feel sick.
You swap places.
You feel sick.
You feel sick.
You are no longer poisoned.
Natasha, Servant of Life and Death comes into view.
Natasha casts a spell.
Natasha claws you.
Your shield prevents you from hitting Natasha.
Natasha casts a spell at you. The magic dart hits you!
* * * LOW HITPOINT WARNING * * *
You are feeling hungry.
You barely miss Natasha. Natasha closely misses you.
Centenhua hits Natasha.
You hit Natasha.
Natasha is heavily wounded.
The white imp misses you. Natasha claws you!
You die...

##.....### ##..#.## #.......#
#....# #.......# ###### #....#
#.......###....# ##...#
##.......##....########...##
##.....#..........<........#
#...>...####..######.####### #
#.......####..# #.## #_###
#...........R@######..##8...8.
##........##.h5..##...##......
##.................#.#8......
##......###..#.....###......
######.............##8...8.
#####.#.......# ##_###
####.##..##..########
#......#.###.#.......
#...............###..


You could see the friendly Centenhua the ancestor, Natasha and a white imp.

Vanquished Creatures
  Natasha (D:3)
  2 gnolls (D:1)
  4 adders
  An ooze (D:2)
  2 worms (D:2)
  A dart slug (D:1)
  2 leopard geckos
  A ball python (D:3)
  A giant cockroach (D:1)
  10 goblins
  10 hobgoblins
  2 jackals (D:2)
  2 quokkas
  7 bats
  A frilled lizard (D:2)
  5 kobolds
  5 rats
57 creatures vanquished.

Vanquished Creatures (collateral kills)
  2 adders (D:3)
  A hobgoblin (D:3)
3 creatures vanquished.

Grand Total: 60 creatures vanquished

Notes
Turn   | Place    | Note
-------+----------+-------------------------------------------
     0 | D:1      | Kullungy the Halfling Assassin began the quest for the Orb.
     0 | D:1      | Reached XP level 1. HP: 14/14 MP: 1/1
    30 | D:1      | Reached XP level 2. HP: 11/19 MP: 2/2
   206 | D:1      | Reached skill level 5 in Stealth
   375 | D:1      | Reached XP level 3. HP: 24/24 MP: 3/3
  1167 | D:2      | Reached XP level 4. HP: 29/29 MP: 4/4
  2046 | D:3      | Found a hazy altar of Hepliaklqana.
  2079 | D:3      | Became a worshipper of Hepliaklqana the Forgotten
  2182 | D:3      | Reached XP level 5. HP: 25/30 MP: 5/5
  2187 | D:3      | Noticed Natasha
  2229 | D:3      | Killed Natasha
  2471 | D:3      | Found a shimmering altar of Xom.
  2473 | D:3      | Found a sparkling altar of Nemelex Xobeh.
  2514 | D:3      | Reached skill level 6 in Stealth
  2536 | D:3      | Found a sacrificial altar of Ru.
  2540 | D:3      | Found a burning altar of Makhleb.
  2610 | D:3      | Noticed Natasha
  2618 | D:3      | Slain by Natasha

Skill      XL: |  1  2  3  4  5 |
---------------+----------------+-----
Stealth        | 5 6 |  6.1
Fighting       | 2 |  2.2
Short Blades   | 3 |  3.9
Dodging        | 2 |  2.1
Throwing       | |  2.2
Shields        | |  0.2

Action                   |  1- 3 |  4- 6 || total
-------------------------+-------+-------++-------
Melee: Dagger            |    65 |   148 ||   213
 Stab: Sleeping          |     7 |     6 ||    13
  Eat: Meat ration       |       |     1 ||     1
Armor: Robe              |    15 |    16 ||    31
Dodge: Dodged            |    39 |    73 ||   112
Block: Buckler           |       |    24 ||    24
